 Dungeon Crawl Stone Soup version 0.30-a0-341-g682706514a (webtiles) character file.

Game seed: 15062444925821478455

453 bande the Covered (level 7, -2/44 HPs)
             Began as a Gargoyle Fighter on Nov 1, 2022.
             Slain by Duvessa
             ... wielding a +0 short sword
              (9 damage)
             ... on level 4 of the Dungeon.
             The game lasted 00:04:49 (3522 turns).

bande the Covered (Gargoyle Fighter)                Turns: 3522, Time: 00:04:50

Health: -2/44      AC: 18    Str: 20    XL:     7   Next: 5%
Magic:  7/7        EV:  7    Int:  8    God:
Gold:   158        SH:  5    Dex: 17    Spells: 6/6 levels left

rFire   . . .      SeeInvis .    a - +0 war axe
rCold   . . .      Faith    .    c - +0 buckler
rNeg    + . .      Spirit   .    h - +0 chain mail
rPois   ∞          Reflect  .    m - +1 helmet
rElec   +          Harm     .    s - +0 cloak
rCorr   .          Rampage  .    (no gloves)
Will    .....                    (no boots)
Stlth   ..........               (no amulet)
HPRegen 0.27/turn                n - +6 ring of dexterity
MPRegen 0.10/turn                (no ring)

@: no status effects
A: sickness immunity, AC +4, negative energy resistance 1, electricity
resistance, torment resistance 1, petrification resistance
a: no special abilities


You were on level 4 of the Dungeon.
You visited 1 branch of the dungeon, and saw 4 of its levels.

You collected 158 gold pieces.

Inventory:

Hand Weapons
 a - a +0 war axe (weapon)
 f - a +0 war axe
Armour
 c - a +0 buckler (worn)
 h - a +0 chain mail (worn)
 m - a +1 helmet (worn)
 s - a +0 cloak (worn)
Jewellery
 n - a +6 ring of dexterity (left hand)
 r - a +4 ring of evasion
Scrolls
 l - 4 scrolls of teleportation
 p - a scroll of identify
 t - a scroll of acquirement {unknown}
Potions
 b - 2 potions of brilliance {unknown}
 d - 2 potions of might
 e - 2 potions of ambrosia {unknown}
 g - a potion of invisibility {unknown}
 i - 3 potions of curing
 j - a potion of degeneration {unknown}
 k - a potion of heal wounds
 o - a potion of haste {unknown}
 q - a potion of cancellation {unknown}


   Skills:
 + Level 4.4 Fighting
 + Level 4.4 Axes
 + Level 5.0 Armour
 + Level 0.8 Stealth
 + Level 4.7 Shields


You had 6 spell levels left.
You didn't know any spells.
Your spell library contained the following spells:

 Spells                   Type           Power      Damage    Failure   Level
 Magic Dart               Conj           0%         1d3       99%         1
 Scorch                   Fire           0%         2d5       100%        2
 Searing Ray              Conj           0%         2d4       100%        2
 Summon Guardian Golem    Hex/Summ       0%         N/A       100%        3
 Flame Wave               Conj/Fire      0%         2d4       100%        4
 Fulminant Prism          Conj/Hex       0%         3d5       100%        4
 Summon Cactus Giant      Summ           0%         N/A       100%        6
 Orb of Destruction       Conj           0%         9d5       100%        7
 Spellforged Servitor     Conj/Summ      0%         N/A       100%        7


Dungeon Overview and Level Annotations

Branches:
Dungeon (4/15)
 Temple: D:4-7

Altars:
Fedhas

Annotations:
D:4 Duvessa


Innate Abilities, Weirdness & Mutations

You are immune to sickness and miasma.
Your stone body is resilient. (AC +4)
You are immune to poison.
You resist negative energy. (rN+)
You are resistant to electric shocks. (rElec)
You are resistant to unholy torment.
You are immune to petrification.


Message History

* * * LOW HITPOINT WARNING * * *
Dowan hits you but does no damage. You block Duvessa's attack.
Unknown command.
Unknown command.
You hit Duvessa.
Duvessa is moderately wounded.
You slash Dowan!
You kill Dowan!
Duvessa weeps, and shakes her weapon.
Duvessa goes berserk!
Duvessa hits you but does no damage.
You have reached level 7!
You feel much better. Duvessa hits you but does no damage.
Duvessa barely misses you.
Unknown command.
You hit Duvessa but do no damage.
Duvessa is moderately wounded.
Duvessa hits you with a +0 short sword. You block Duvessa's attack.
You barely miss Duvessa.
Duvessa is moderately wounded.
Duvessa barely misses you. You block Duvessa's attack.
Unknown command.
You hit Duvessa.
Duvessa is moderately wounded.
Duvessa hits you with a +0 short sword. Duvessa barely misses you.
You slash Duvessa!
Duvessa is severely wounded.
Duvessa hits you with a +0 short sword. Duvessa hits you but does no damage.
Unknown command.
You slash Duvessa!
Duvessa is severely wounded.
Duvessa hits you but does no damage. x2
Unknown command.
You hit Duvessa.
Duvessa is severely wounded.
Duvessa hits you with a +0 short sword. Duvessa hits you with a +0 short sword!
* * * LOW HITPOINT WARNING * * *
You hit Duvessa.
Duvessa is almost dead.
Duvessa hits you with a +0 short sword!
You die...

######## #......#
#......# #......#
#......# #......#
#.).$..# #.@e...#
########......#
#................
#.........###.......
#######.........#
#........
#...............#
#........
#...............+
.... ...
#...............#
... ..# #
#.............).+
#.# #.#.#


You could see Duvessa (berserk, fast).

Vanquished Creatures
  An ogre (D:4)
  A phantom (D:4)
  Dowan (D:4)
  2 jellies (D:2)
  Crazy Yiuf (D:3)
  An iguana (D:4)
  Robin (D:3)
  3 adders
  A worm (D:3)
  2 dart slugs
  4 orcs (D:4)
  6 ball pythons
  5 bats
  13 endoplasms
  2 giant cockroaches
  14 goblins
  4 hobgoblins
  3 jackals (D:1)
  12 kobolds
  2 frilled lizards (D:1)
  2 rats
81 creatures vanquished.

Vanquished Creatures (others)
  6 fungi (D:3)
  10 toadstools (D:3)
16 creatures vanquished.

Grand Total: 97 creatures vanquished

Notes
Turn   | Place    | Note
-------+----------+-------------------------------------------
     0 | D:1      | bande the Gargoyle Fighter began the quest for the Orb.
     0 | D:1      | Reached XP level 1. HP: 14/14 MP: 1/1
   315 | D:1      | Reached XP level 2. HP: 19/19 MP: 2/2
   830 | D:2      | Reached XP level 3. HP: 23/23 MP: 3/3
   873 | D:2      | Found a blossoming altar of Fedhas.
   940 | D:2      | Found a faded altar of an unknown god.
  1538 | D:3      | Noticed Robin
  1836 | D:3      | Killed Robin
  1837 | D:3      | Reached XP level 4. HP: 28/29 MP: 4/4
  2046 | D:3      | Reached skill level 4 in Armour
  2202 | D:2      | Reached XP level 5. HP: 32/33 MP: 5/5
  2347 | D:3      | Found a runed translucent door.
  2348 | D:3      | Noticed Crazy Yiuf
  2833 | D:3      | Killed Crazy Yiuf
  2987 | D:4      | Noticed an ogre
  2988 | D:4      | Noticed a phantom
  3002 | D:4      | Killed a phantom
  3003 | D:4      | Reached XP level 6. HP: 38/38 MP: 6/6
  3167 | D:4      | Reached skill level 5 in Armour
  3500 | D:4      | Noticed Dowan
  3500 | D:4      | Noticed Duvessa
  3514 | D:4      | Killed Dowan
  3515 | D:4      | Reached XP level 7. HP: 9/44 MP: 7/7
  3522 | D:4      | Slain by Duvessa

Illustrated notes

Levels and vault maps discovered:
D:1:      heliophobic_arrival_battle_scene, layout_loops_cross
D:2:      layout_basic, basic_altar, chequers_ecumenical_altar_twisty
D:3:      cheibrodos_fertilizer, layout_loops_ring, uniq_crazy_yiuf_cottage,
          uniq_robin
D:4:      layout_basic, serial_shops, nicolae_shop_window_shopping, uniq_edmund,
          uniq_blork_the_orc, uniq_ijyb, uniq_sigmund, uniq_grinder,
          uniq_duvessa

Skill      XL: |  1  2  3  4  5  6 |
---------------+-------------------+-----
Axes           | 2 3 4 |  4.4
Armour         | 4 5 |  5.0
Fighting       | 4 |  4.4
Shields        | 4 |  4.7
Stealth        | |  0.8

Action                   |  1- 3 |  4- 6 |  7- 9 || total
-------------------------+-------+-------+-------++-------
Melee: War axe           |    95 |   152 |     7 ||   254
  Use: Scroll            |       |     5 |       ||     5
       Potion            |       |       |     1 ||     1
 Stab: Invisible         |       |     2 |       ||     2
Armor: Chain mail        |    64 |   108 |     4 ||   176
       Scale mail        |     3 |       |       ||     3
Dodge: Dodged            |    42 |    59 |     3 ||   104
Block: Buckler           |    31 |    43 |     2 ||    76

Table legend: (Time is in decaauts)
 A = Elapsed time spent in this place.
 B = Non-inter-level travel time spent in this place.
 C = Inter-level travel time spent in this place.
 D = Time resting spent in this place.
 E = Time spent auto-exploring this place.
 F = Levels seen in this place.
 G = Mean time per level.
                   A        B        C        D        E       F      G
               +--------+--------+--------+--------+--------+-----+--------+
         Total |   3626 |   3579 |     47 |    888 |   1935 |   4 |  906.5 |
       Dungeon |   3626 |   3579 |     47 |    888 |   1935 |   4 |  906.5 |
               +--------+--------+--------+--------+--------+-----+--------+

Top non-repeatable levels by time:
     D:2: 1204 daAuts
     D:3: 1047 daAuts
     D:1: 763 daAuts
     D:4: 612 daAuts
